 Dungeon Crawl Stone Soup version 0.31-a0-358-gac0dbeb3ab (webtiles) character file.

Game seed: 12788573964542745265

197 drugrobin the Cudgeller (level 5, -2/42 HPs)
             Began as a Demigod Delver on July 25, 2023.
             Killed by divine providence
             ... invoked by an orc priest
              (13 damage)
             ... on level 4 of the Dungeon.
             The game lasted 00:09:09 (3274 turns).

drugrobin the Cudgeller (Demigod Delver)            Turns: 3274, Time: 00:09:10

Health: -2/42      AC: 13    Str: 17    XL:     5   Next: 22%
Magic:  7/7        EV:  8    Int: 12    God:
Gold:   80         SH:  0    Dex: 15    Spells: 2/4 levels left

rFire   + . .        a - +1 mace of Bloody Death {spect, rF+}
rCold   . . .        (no shield)
rNeg    + . .        p - +0 chain mail
rPois   .            A - +2 helmet {SInv}
rElec   .            (no cloak)
rCorr   .            q - +1 pair of gloves
SInv    +            (no boots)
Will    +....        (no amulet) Stlth
                     k - ring of positive energy
HPRegen 0.27/turn    z - ring of willpower
MPRegen 0.10/turn

%: no passive effects
@: no status effects
A: high MP 1, forlorn, divine attributes
a: no special abilities


You were on level 4 of the Dungeon.
You visited 1 branch of the dungeon, and saw 5 of its levels.

You collected 227 gold pieces.
You spent 147 gold pieces at shops.

Inventory:

Hand Weapons
 a - the +1 mace of Bloody Death (weapon) {spect, rF+}
   (You found it on level 2 of the Dungeon)

   rF:        It protects you from fire.
 b - a +0 quarterstaff
 u - a +0 whip
 x - a +4 dagger of holy wrath
 y - a +0 mace
Armour
 i - a +0 robe
 p - a +0 chain mail (worn)
 q - a +1 pair of gloves (worn)
 s - a +0 leather armour
 A - a +2 helmet of see invisible (worn)
 C - a +0 plate armour
Jewellery
 k - a ring of positive energy (left hand)
 l - a ring of see invisible
 t - a ring of ice
 z - a ring of willpower (right hand)
Wands
 g - a wand of digging (3)
Scrolls
 c - 3 scrolls of fog
 d - a scroll of revelation
 e - a scroll of fear
 o - 5 scrolls of identify {unknown}
 r - a scroll of vulnerability {unknown}
 v - a scroll of enchant armour {unknown}
 w - 2 scrolls of teleportation
 B - a scroll of poison {unknown}
 E - a scroll of blinking
 H - a scroll of amnesia {unknown}
Potions
 f - 2 potions of haste
 h - 3 potions of enlightenment {unknown}
 j - 5 potions of curing {unknown}
 m - 2 potions of degeneration {unknown}
 n - 2 potions of mutation {unknown}
 D - a potion of lignification {unknown}
 F - a potion of brilliance {unknown}
 G - a potion of heal wounds {unknown}


   Skills:
 - Level 2.6 Fighting
 + Level 5.3 Maces & Flails
 - Level 1.7 Dodging
 - Level 4.5 Stealth


You had 2 spell levels left.
You knew the following spells:

 Your Spells              Type           Power      Damage    Failure   Level
a - Blink                 Tloc           0%         N/A       99%         2

Your spell library contained the following spells:

 Spells                   Type           Power      Damage    Failure   Level
 Lesser Beckoning         Tloc           0%         N/A       99%         2
 Momentum Strike          Conj/Tloc      0%         3d8       99%         2


Dungeon Overview and Level Annotations

Branches:
Dungeon (5/15)             Temple (0/1) D:5

Shops:
D:4 ?

Annotations:
D:3 exclusion: moth of wrath
D:5 exclusions: bullfrog and ogre


Innate Abilities, Weirdness & Mutations

You have an increased reservoir of magic. (+10% MP)
You shall have no god before yourself.
Your divine heritage dramatically boosts your attributes as you level up.


Message History

The howler monkey hoots and howls with incredible vigour!
You hear a shout!
You see here a +0 ring mail.
Okay, then.
z - a ring of willpower (right hand) Unknown command.
Unknown command.
The orc priest attacks as you move away!
The orc priest closely misses you.
You barely miss the orc priest.
Your +1 mace of Bloody Death {spect, rF+} closely misses the orc priest.
The orc priest hits you with a +0 morningstar.
The orc priest mumbles some strange prayers to Beogh against you.
Beogh smites you!
You barely miss the orc priest.
Your +1 mace of Bloody Death {spect, rF+} hits the orc priest.
The orc priest hits you with a +0 morningstar.
You hit the orc priest.
The orc priest is heavily wounded.
Your +1 mace of Bloody Death {spect, rF+} misses the orc priest.
The howler monkey hoots and howls with incredible vigour!
The orc priest barely misses you.
You hit the orc priest.
The orc priest is almost dead.
Your +1 mace of Bloody Death {spect, rF+} barely misses the orc priest.
The orc priest invokes the aid of Beogh against you.
Beogh smites you!
You hit the orc priest but do no damage.
The orc priest is almost dead.
Your +1 mace of Bloody Death {spect, rF+} hits the orc priest.
The orc priest invokes the aid of Beogh against you.
Beogh smites you!
* * * LOW HITPOINT WARNING * * *
Unknown command.
You hit the orc priest.
You kill the orc priest!
Your +1 mace of Bloody Death {spect, rF+} disappears.
The orc priest invokes the aid of Beogh against you.
Beogh smites you!
You die...

#.# ............ #h#
...#####.... #.# .#
##... #o# # ##.# #..#
#.# #.#.. #..# #.#
#.#.########... #.#
########.............#
##o##
#oo.h..###.########..#
##...##
#.###@..##.#### .....
##.....## #.#
#.........##.###.#
#.......###.#
#...##.......# #.#
#.>.......[.#
#########..... ..#
#.)...(.##### #####
### ##.....## ##...##
#####


You could see a howler monkey, an orc priest and an orc.

Vanquished Creatures
  2 orc priests (D:4)
  An orc wizard (D:4)
  Robin (D:2)
  3 adders
  5 worms
  A dart slug (D:1)
  7 orcs (D:4)
  4 endoplasms
  3 giant cockroaches (D:1)
  5 hobgoblins
  4 jackals
  A quokka (D:4)
  4 ball pythons
  3 bats
  8 frilled lizards
  18 goblins
  3 kobolds
  11 rats
84 creatures vanquished.

Notes
Turn   | Place    | Note
-------+----------+-------------------------------------------
     0 | D:5      | drugrobin the Demigod Delver began the quest for the Orb.
     0 | D:5      | Reached XP level 1. HP: 18/18 MP: 3/3
    64 | D:5      | Found a staircase to the Ecumenical Temple.
   114 | D:5      | Noticed an ogre
   159 | D:5      | Noticed a bullfrog
   233 | D:4      | Noticed an orc wizard
   371 | D:3      | Reached skill level 2 in Maces & Flails
   587 | D:2      | Reached XP level 2. HP: 25/25 MP: 4/4
   842 | D:1      | Reached skill level 3 in Maces & Flails
  1399 | D:2      | Reached XP level 3. HP: 26/30 MP: 5/5
  1715 | D:2      | Identified the +1 mace of Bloody Death {spect, rF+}
  1732 | D:2      | Learned a level 2 spell: Blink
  1810 | D:2      | Noticed Robin
  1827 | D:2      | Killed Robin
  1828 | D:2      | Reached skill level 4 in Maces & Flails
  2425 | D:3      | Noticed a moth of wrath
  2481 | D:3      | Reached XP level 4. HP: 37/37 MP: 6/6
  2967 | D:4      | Found Orheg's Magic Scroll Shoppe.
  2988 | D:4      | Bought a scroll of blinking for 105 gold pieces
  2988 | D:4      | Bought a scroll of teleportation for 42 gold pieces
  3021 | D:4      | Reached skill level 5 in Maces & Flails
  3021 | D:4      | Reached XP level 5. HP: 42/42 MP: 7/7
  3274 | D:4      | Killed from afar by an orc priest

Illustrated notes

Levels and vault maps discovered:
D:1:      minmay_arrival_three_doors, layout_basic
D:2:      layout_basic, basic_altar, uniq_robin
D:3:      layout_basic, cheibrodos_worm_habitat, amcnicky_altar_gilded,
          mainiacjoe_overflow_surrounded_room, tgw_trog,
          kennysheep_okawaru_gauntlet
D:4:      layout_loops_ring, nicolae_kikubaaqudgha_miasma_corner,
          marbit_many_paths, ashenzari_altar_1, serial_shops, shop
D:5:      layout_basic, minmay_temple_entry_drinking_statues, uniq_menkaure,
          uniq_pikel

Skill      XL: |  1  2  3  4 |
---------------+-------------+-----
Maces & Flails | 2 3 4 5 |  5.3
Fighting       | |  2.6
Dodging        | |  1.7
Stealth        | |  4.5

Action                     |  1- 3 |  4- 6 || total
---------------------------+-------+-------++-------
  Melee: Mace              |    55 |    66 ||   121
         Quarterstaff      |    60 |     2 ||    62
   Stab: Sleeping          |     5 |       ||     5
 Armour: Chain mail        |    49 |    32 ||    81
         Robe              |     4 |       ||     4
  Dodge: Dodged            |    28 |    22 ||    50

Table legend: (Time is in decaauts)
 A = Elapsed time spent in this place.
 B = Non-inter-level travel time spent in this place.
 C = Inter-level travel time spent in this place.
 D = Time resting spent in this place.
 E = Time spent auto-exploring this place.
 F = Levels seen in this place.
 G = Mean time per level.
                   A        B        C        D        E       F      G
               +--------+--------+--------+--------+--------+-----+--------+
         Total |   3304 |   3149 |    155 |      0 |   2101 |   5 |  660.8 |
       Dungeon |   3304 |   3149 |    155 |      0 |   2101 |   5 |  660.8 |
               +--------+--------+--------+--------+--------+-----+--------+

Top non-repeatable levels by time:
     D:2: 1138 daAuts
     D:3: 873 daAuts
     D:1: 681 daAuts
     D:4: 392 daAuts
     D:5: 218 daAuts
